woodfighter, chaotic female elven Rogue ------------ ---------------- |........... ####.>.............| |..........| ## |..............| |...........###### +..............| |..........| ##-.-------------- ---+-.------ `###### ##### # # # #### # ### ---+- ### # # |...|`############## |...| ### # |....######## # % |...| ########[##f#@Z |...|#####-----.--# ----- |...(..| |......| |....... -------- woodfighter the Rogue Experience level: 6 Strength: 17 Dexterity: 18 Constitution: 12 Intelligence: 9 Wisdom: 10 Charisma: 10 Health: 0(43) Energy: 33(33) Def: 3 Gold: 113 Moves: 3138 Dungeon seed: 6QTxzG9dHVaklxDC Game ID: woodfighter_1511445683 Your Inventory: Coins $ - 113 gold pieces Weapons a - a +0 elven short sword (weapon in hand) b - 10 +0 elven daggers (in quiver) Armor e - an uncursed +1 leather armor (being worn) n - an uncursed +0 dwarvish cloak q - an uncursed +0 pair of iron shoes r - a cursed -1 pair of jumping boots z - an uncursed +1 orcish helm N - an uncursed +0 orcish helm Comestibles m - 2 uncursed food rations Scrolls d - a blessed scroll of identify Wands h - a wand of opening (0:3) u - a wand of striking (0:3) E - a wand of enlightenment (0:10) K - a wand of magic missile (0:3) L - a wand of light (0:12) Tools g - an uncursed blindfold w - a cursed oil lamp (0:1049) y - an uncursed lock pick P - an uncursed leather drum Spells and supernatural/magical abilities: Name Level Category Fail Memory W - pray for help -- divine ? -- Your skills at the end: Miscellaneous Skills wands [Basic] Weapon Skills dagger [Basic] short sword [Basic] Spellcasting Skills Final Attributes: You were piously aligned. You were sleep resistant. Your writing hand was ok. You had infravision. You were very stealthy. You are dead. Vanquished creatures: a giant beetle a gnome king 3 Mordor orcs a gnome lord a gray ooze a floating eye a dwarf 2 iguanas a rothe a rabid rat a giant bat 3 orc zombies 2 dwarf zombies a wererat a coyote 2 large kobolds 6 geckos 3 giant rats a red mold 17 garter snakes 5 jackals a kobold 3 newts 2 goblins 13 grid bugs a bat 2 lichens 77 creatures vanquished. Voluntary challenges: You did not adorn yourself with jewelry or accessories. You did not cause conflict. You were not invisible. You did not have reflection. You were not displaced. You had been an atheist until turn 2061. You used a wielded weapon 107 times, starting on turn 26. You did not apply a unicorn horn. You did not use plumbed fixtures. You did not drink any magical draughts. You were illiterate. You never genocided any monsters. You never polymorphed an object. You never changed form. You used no wishes. You never split a pudding. You never wrote Elbereth's name. You never violated your personal moral code. Dungeon overview: The Dungeons of Doom: levels 1 to 8 Level 1 a long staircase Level 2 a potion shop stairs to The Gnomish Mines Level 3 some fountains Level 4 a sink Level 5 Level 6 a general store, an altar to Issek, some fountains, a sink Level 7 <- You were here Level 8 The Gnomish Mines: Level 3 stairs to The Dungeons of Doom History has recorded: On T:1 you entered the Dungeons of Doom to retrieve the Amulet of Yendor! On T:335 you reached level 2 of The Dungeons of Doom. On T:383 you reached level 3 of The Dungeons of Doom. On T:405 you reached level 1 of The Gnomish Mines. On T:673 you advanced to experience level 2. On T:992 you reached level 4 of The Dungeons of Doom. On T:1279 you advanced to experience level 3. On T:1340 you reached level 5 of The Dungeons of Doom. On T:1717 you advanced to experience level 4. On T:1747 you reached level 6 of The Dungeons of Doom. On T:2219 you prayed to Kos. On T:2345 you advanced to experience level 5. On T:2475 you reached level 7 of The Dungeons of Doom. On T:3053 you reached level 8 of The Dungeons of Doom. On T:3124 you advanced to experience level 6. Score breakdown: Gold: 113 ( 11 points) Experience: 6 levels ( 500 points) Exploration: 8 levels ( 210 points) Discoveries: 14 items ( 700 points) Variety of kills: 27 monsters ( 1350 points) Major goal: (nothing yet) ( 0 points) Survival: died (score multiplied by 3) Total score: 8313 Latest messages: You stab the rothe. Kitty bites the rothe. The rothe misses kitty. (3x) Kitty misses the rothe. You stab the rothe. The rothe claws you! The rothe just misses! The rothe bites! Kitty bites the rothe. The rothe claws kitty. The rothe misses kitty. The rothe bites kitty. You kill the rothe! Welcome to experience level 6. d - a scroll labeled ANDOVA BEGARIN. b - 2 +0 elven daggers (in quiver). You see here a rothe corpse. You displace kitty. You stop exploring. You stab the ghoul! The ghoul scratches you! You are frozen by the ghoul! The ghoul scratches you! You hear a slow drip. The ghoul scratches you! (8x) You die... Your body rises from the dead as a ghoul... Final status: Goodbye woodfighter the Rogue, killed by a ghoul, while paralyzed by a monster's touch... You died in The Dungeons of Doom on dungeon level 7 with 8313 points, and 113 pieces of gold, after 3138 moves. You were level 6 with a maximum of 43 hit points when you died.